 Dungeon Crawl Stone Soup version 0.29-a0-317-gd16b76e6b1 (webtiles) character file.

Game seed: 1109397982342460619

196 khosmu the Insei (level 5, -3/40 HPs)
             Began as a Draconian Transmuter on Apr 1, 2022.
             Slain by Grinder (5 damage)
             ... on level 3 of the Dungeon.
             The game lasted 00:23:43 (2423 turns).

khosmu the Insei (Draconian Transmuter)             Turns: 2423, Time: 00:23:44

Health: -3/40      AC:  5    Str: 12    XL:     5   Next: 45%
Magic:  8/8        EV: 12    Int: 14    God:
Gold:   125        SH:  0    Dex: 13    Spells: 7/8 levels left

rFire   . . .      SeeInvis .   p - +1 spear (vamp)
rCold   . . .      Faith    .   (no shield)
rNeg    . . .      Spirit   .   (body armour unavailable)
rPois   +          Reflect  .   (helmet restricted)
rElec   .          Harm     .   (no cloak)
rCorr   .          Rampage  .   (no gloves)
Will    .....                   (no boots)
Stlth   +.........              (no amulet)
HPRegen 0.13/turn               c - ring of poison resistance
MPRegen 0.11/turn               (no ring)

@: no status effects
A: AC +5, unfitting armour, cold-blooded
a: no special abilities


You were on level 3 of the Dungeon.
You visited 1 branch of the dungeon, and saw 3 of its levels.

You collected 125 gold pieces.

Inventory:

Hand Weapons
 g - a +0 short sword
 j - a +0 morningstar
 p - a +1 vampiric spear (weapon)
 q - a +0 trident
 v - a +3 short sword
Missiles
 l - a throwing net
 m - 3 curare-tipped darts
 n - 3 atropa-tipped darts
Armour
 e - a +0 robe
 r - a scarf of invisibility
Jewellery
 c - a ring of poison resistance (left hand)
Wands
 s - a wand of flame (17)
Potions
 a - a potion of lignification
 b - a potion of invisibility {unknown}
 d - 2 potions of curing
 h - a potion of degeneration {unknown}
 k - 2 potions of heal wounds


   Skills:
 + Level 1.6 Fighting
 + Level 0.7 Polearms
 + Level 2.7 Dodging
 + Level 0.5 Stealth
 + Level 5.0 Unarmed Combat
 + Level 2.4 Spellcasting
 + Level 2.3 Transmutations


You had 7 spell levels left.
You knew the following spells:

 Your Spells              Type           Power      Damage    Failure   Level
a - Beastly Appendage     Tmut           16%        N/A       9%          1

Your spell library contained the following spells:

 Spells                   Type           Power      Damage    Failure   Level
 Wereblood                Tmut           8%         N/A       13%         2
 Static Discharge         Conj/Air       1%         N/A       34%         2
 Spider Form              Tmut/Pois      5%         N/A       38%         3
 Ice Form                 Ice/Tmut       5%         N/A       80%         4
 Dispel Undead            Necr           1%         3d6       92%         4
 Sticky Flame             Conj/Fire      1%         2d3       92%         4


Dungeon Overview and Level Annotations

Branches:
Dungeon (3/15)

Altars:

Shops:
D:1 *   D:2 :

Annotations:
D:3 Grinder


Innate Abilities, Weirdness & Mutations

Your plain brown scales are hard. (AC +5)
You cannot fit into any form of body armour.
You are cold-blooded and may be slowed by cold attacks.


Message History

Grinder says, "FISH!"
Your transformation is almost over.
Grinder gestures at you.
You shrug off the repeated paralysis!
Grinder hits you.
You can move again.
You hit Grinder but do no damage.
Your tail-slap misses Grinder.
Grinder gestures at you. Pain shoots through your body! Grinder hits you.
You hit Grinder. You claw Grinder, but do no damage.
Your headbutt misses Grinder. You tail-slap Grinder.
Grinder is lightly wounded.
Grinder closely misses you.
You closely miss Grinder. You claw Grinder.
Grinder is lightly wounded.
Grinder gestures at you. Pain shoots through your body!
You closely miss Grinder. Your kick misses Grinder.
Grinder is lightly wounded.
Grinder hits you.
You writhe in agony.
You hit Grinder. You headbutt Grinder!
Grinder is heavily wounded.
Grinder gestures at you. Pain shoots through your body!
* * * LOW HITPOINT WARNING * * *
You hit Grinder but do no damage. Your headbutt misses Grinder.
Grinder is heavily wounded.
Grinder hits you but does no damage.
You hit Grinder but do no damage.
You tail-slap Grinder, but do no damage.
Grinder is heavily wounded.
Grinder closely misses you.
You hit Grinder. You claw Grinder, but do no damage.
Grinder is heavily wounded.
Your horns disappear.
Your talons disappear.
Grinder barely misses you.
You barely miss Grinder.
Grinder is heavily wounded.
Grinder hits you.
You die...

#....# #....#
#....# #....#
#....# #....#
############....#
................#
......5@........#
#.>##############
#


You could see Grinder.

Vanquished Creatures
  A phantom (D:2)
  8 adders
  A worm (D:2)
  An orc (D:3)
  2 bats
  3 endoplasms
  3 goblins
  A hobgoblin (D:2)
  4 jackals (D:2)
  5 kobolds
  4 quokkas
  8 ball pythons
  2 frilled lizards (D:2)
  4 rats
47 creatures vanquished.

Notes
Turn   | Place    | Note
-------+----------+-------------------------------------------
     0 | D:1      | khosmu the Draconian Transmuter began the quest for the
                  | Orb.
     0 | D:1      | Reached XP level 1. HP: 16/16 MP: 3/3
   328 | D:1      | Found Joskeg's Assorted Antiques.
   450 | D:1      | Reached XP level 2. HP: 14/23 MP: 5/5
   509 | D:1      | Found a faded altar of an unknown god.
  1101 | D:2      | Noticed a phantom
  1117 | D:2      | Killed a phantom
  1118 | D:2      | Reached skill level 4 in Unarmed Combat
  1118 | D:2      | Reached XP level 3. HP: 18/28 MP: 6/6
  1118 | D:2      | Reached XP level 4. HP: 23/35 MP: 7/7
  1639 | D:2      | Found Eckij's Book Shoppe.
  1644 | D:2      | Reached XP level 5. HP: 12/40 MP: 8/8
  2221 | D:2      | Reached skill level 5 in Unarmed Combat
  2405 | D:3      | Noticed Grinder
  2409 | D:3      | Paralysed by Grinder for 6 turns
  2419 | D:3      | HP: 1/40 [Grinder/nerve-wracking pain (13)]
  2423 | D:3      | Slain by Grinder

Illustrated notes

Levels and vault maps discovered:
D:1:      scummos_arrival_gate, layout_basic, serial_shops,
          nicolae_shop_overgrown_old_shop, shapermc_ecumenical_altar_acropolis
D:2:      minmay_general_purpose_star, layout_loops_corners, serial_shops, shop,
          wander_ebering_terrifying_dragon_lair
D:3:      layout_basic, serial_shops, nicolae_shop_bloodbath_and_beyond,
          uniq_grinder

Skill      XL: |  1  2  3  4  5 |
---------------+----------------+-----
Dodging        | 2 |  2.7
Unarmed Combat | 4 5 |  5.0
Fighting       | |  1.6
Polearms       | |  0.7
Stealth        | |  0.5
Spellcasting   | |  2.4
Transmutations | |  2.3

Action                   |  1- 3 |  4- 6 || total
-------------------------+-------+-------++-------
Melee: Unarmed           |    75 |    60 ||   135
       Tailslap          |     6 |    19 ||    25
       Punch             |     3 |     5 ||     8
       Spear             |       |    96 ||    96
       Kick              |       |     3 ||     3
       Headbutt          |       |     1 ||     1
 Cast: Beastly Appendage |       |     2 ||     2
  Use: Potion            |       |     2 ||     2
       Scroll            |       |     6 ||     6
 Stab: Sleeping          |       |     1 ||     1
Armor: Skin              |    26 |    69 ||    95
Dodge: Dodged            |    47 |   110 ||   157

Table legend: (Time is in decaauts)
 A = Elapsed time spent in this place.
 B = Non-inter-level travel time spent in this place.
 C = Inter-level travel time spent in this place.
 D = Time resting spent in this place.
 E = Time spent auto-exploring this place.
 F = Levels seen in this place.
 G = Mean time per level.
                   A        B        C        D        E       F      G
               +--------+--------+--------+--------+--------+-----+--------+
         Total |   2406 |    540 |   1866 |      0 |      0 |   3 |  802.0 |
       Dungeon |   2406 |    540 |   1866 |      0 |      0 |   3 |  802.0 |
               +--------+--------+--------+--------+--------+-----+--------+

Top non-repeatable levels by time:
     D:2: 1247 daAuts
     D:1: 1007 daAuts
     D:3: 151 daAuts
